 Dungeon Crawl Stone Soup version 0.28-a0-461-g2dc4ca5097 (webtiles) character file.

Game seed: 460305418044588204

87425 siradein the Peltast (level 15, 0/145 HPs)
             Began as a Minotaur Fighter on Sept 14, 2021.
             Was an Initiate of Gozag.
             Slain by a deep troll (23 damage)
             ... on level 13 of the Dungeon.
             The game lasted 01:35:03 (28504 turns).

siradein the Peltast (Minotaur Fighter)            Turns: 28504, Time: 01:35:03

Health: 0/145      AC: 23    Str: 24    XL:     15   Next: 43%
Magic:  13/14      EV: 13    Int:  7    God:    Gozag
Gold:   2372       SH: 13    Dex: 13    Spells: 14/14 levels left

rFire   + . .      SeeInvis .   z - +1 falchion (vamp)
rCold   + . .      Faith    .   c - +0 buckler
rNeg    . . .      Spirit   .   S - +2 chain mail {rPois}
rPois   +          Reflect  +   (helmet restricted)
rElec   .          Harm     .   n - +0 cloak
rCorr   .          Rampage  .   a - +2 pair of gloves
Will    +....                   l - +0 pair of boots
Stlth   ..........              M - amulet "Fips" {Reflect +Blink rC+ Dex-2 SH+5}
HPRegen 0.34/turn               I - +4 ring of evasion
MPRegen 0.14/turn               V - ring "Estromuun" {Fly Int+2 Slay+5}

@: gold aura, flying, silenced
A: horns 2, retaliatory headbutt, agile 1, fire resistance 1, MP-powered wands
a: Renounce Religion, Evoke Blink


You were on level 13 of the Dungeon.
You worshipped Gozag.
Gozag was most pleased with you.
You visited 3 branches of the dungeon, and saw 20 of its levels.

You collected 5642 gold pieces.
You spent 342 gold pieces at shops.
You paid 2928 gold pieces to Gozag.

Inventory:

Hand Weapons
 z - a +1 vampiric falchion (weapon)
 O - a +4 scimitar of flaming
Missiles
 y - 48 poisoned darts (quivered)
 B - 2 throwing nets
Armour
 a - a +2 pair of gloves (worn)
 c - a +0 buckler (worn)
 l - a +0 pair of boots (worn)
 n - a +0 cloak (worn)
 S - a +2 chain mail of poison resistance (worn)
Jewellery
 f - a ring of see invisible
 o - a +6 ring of strength
 u - a +6 ring of dexterity
 F - a ring of poison resistance
 G - a ring of positive energy
 I - a +4 ring of evasion (left hand)
 M - the amulet "Fips" (around neck) {Reflect +Blink rC+ Dex-2 SH+5}
   (You took it off a centaur warrior on level 8 of the Dungeon)

   [amulet of reflection]

   It reflects blocked missile attacks.
   Dex:       It affects your dexterity (-2).
   rC:        It protects you from cold.
   +Blink:    It lets you blink.
   SH:        It affects your SH (+5).
 V - the ring "Estromuun" (right hand) {Fly Int+2 Slay+5}
   (You found it on level 5 of the Lair of Beasts)

   [ring of flight]

   Int:       It affects your intelligence (+2).
   Slay:      It affects your accuracy & damage with ranged weapons and melee
   (+5).
   Fly:       It grants you flight.
Wands
 E - a wand of flame (26)
 H - a wand of iceblast (26)
 J - a wand of digging (5)
 K - a wand of polymorph (8)
 R - a wand of acid (9)
 T - a wand of paralysis (9)
Scrolls
 e - 5 scrolls of enchant weapon
 g - 13 scrolls of teleportation
 i - 3 scrolls of identify
 k - 4 scrolls of magic mapping
 m - 6 scrolls of immolation
 p - a scroll of brand weapon
 q - 7 scrolls of enchant armour
 r - 5 scrolls of fog
 s - 2 scrolls of fear
 w - 3 scrolls of silence
 N - 2 scrolls of blinking
 Q - 3 scrolls of amnesia
Potions
 b - 4 potions of mutation
 d - 6 potions of might
 h - 7 potions of heal wounds
 j - 8 potions of curing
 t - 2 potions of resistance
 v - a potion of cancellation
 x - a potion of haste
 A - 2 potions of lignification
 C - a potion of berserk rage
 D - 3 potions of invisibility
 P - 3 potions of brilliance
 W - a potion of magic
 X - 2 potions of ambrosia
Miscellaneous
 L - a piece from Xom's chessboard (15/15)
 U - a lightning rod (4/4)
 Y - a tin of tremorstones (2/2)


   Skills:
 + Level 16.7 Fighting
 - Level 14.0 Long Blades
 + Level 16.7 Armour
 + Level 16.7 Shields
 + Level 3.1 Evocations


You had 14 spell levels left.
You didn't know any spells.
Your spell library contained the following spells:

 Spells                   Type           Power      Damage    Failure   Level
 Blink                    Tloc           N/A        N/A       95%         2
 Corpse Rot               Necr/Air       N/A        N/A       95%         2
 Sublimation of Blood     Necr           0%         N/A       95%         2
 Wereblood                Tmut           0%         N/A       95%         2
 Call Canine Familiar     Summ           0%         N/A       99%         3
 Confusing Touch          Hex            0%         N/A       99%         3
 Dazzling Flash           Conj/Hex       0%         N/A       99%         3
 Gell's Gravitas          Tloc           0%         N/A       99%         3
 Lesser Beckoning         Tloc           0%         N/A       99%         3
 Mephitic Cloud           Conj/Pois/Air  0%         N/A       99%         3
 Portal Projectile        Hex/Tloc       0%         N/A       99%         3
 Teleport Other           Tloc           0%         N/A       99%         3
 Dispel Undead            Necr           0%         3d6       100%        4
 Iskenderun's Mystic Bla  Conj/Tloc      0%         2d3       100%        4
 Leda's Liquefaction      Hex/Erth       0%         N/A       100%        4
 Petrify                  Tmut/Erth      0%         N/A       100%        4
 Manifold Assault         Tloc           0%         N/A       100%        5
 Metabolic Englaciation   Hex/Ice        0%         N/A       100%        5
 Death Channel            Necr           0%         N/A       100%        6
 Starburst                Conj/Fire      0%         6d3       100%        6
 Statue Form              Tmut/Erth      0%         N/A       100%        6
 Storm Form               Tmut/Air       0%         N/A       100%        7
 Summon Hydra             Summ           0%         N/A       100%        7


Dungeon Overview and Level Annotations

Branches:
Dungeon (13/15)            Temple (1/1) D:4            Lair (6/6) D:9
  Swamp (0/4) Lair:3       Spider (0/4) Lair:2        Slime (0/5) Lair:5
    Orc (0/2) D:10
 Vaults: D:13-14

Altars:
Ashenzari
Cheibriados
Dithmenos
Elyvilon
Fedhas
Gozag
Hepliaklqana
Kikubaaqudgha
Makhleb
Nemelex Xobeh
Okawaru
Qazlal
Ru
Sif Muna
Trog
Uskayaw
Vehumet
Wu Jian
Xom
Yredelemnul
Zin
The Shining One

Shops:
Lair:3 (

Portals:
Trove: D:11 (give +3 gold dragon scales)

Annotations:
D:12 2 runed translucent doors
D:13 1 transporter, 1 runed translucent door
Lair:3 exclusion: oklob plant


Innate Abilities, Weirdness & Mutations

You have a pair of horns on your head.
You reflexively headbutt those who attack you in melee.
You are agile. (Dex +2)
Your flesh is heat resistant. (rF+)
You expend magic power (3 MP) to strengthen your wands.


Message History

The deep elf pyromancer is distracted by your dazzling golden aura.
You blink.
A boggart, a two-headed ogre and 3 trolls come into view.
The two-headed ogre rages.
The moth of wrath goads the troll on!
The troll goes berserk!
The deep troll bites you but does no damage.
You block the deep troll's attack. x2; The troll misses you.
You furiously retaliate!
You headbutt the troll. The troll claws you! You block the troll's attack.
A moth of wrath comes into view.
Found a human skeleton.
The moth of wrath's fur bristles in rage as it notices you.
The two-headed ogre hits you with a +0 giant spiked club!
* * * LOW HITPOINT WARNING * * *
The two-headed ogre completely misses you.
The deep troll rages.
You block the deep troll's attack. The deep troll claws you.
* * * LOW HITPOINT WARNING * * *
You block the deep troll's attack.
A two-headed ogre comes into view. It is wielding two +0 giant clubs.
The moth of wrath goads the two-headed ogre on!
The two-headed ogre goes berserk!
The moth of wrath goads the deep troll on!
The deep troll goes berserk!
A troll comes into view.
The deep troll bites you!!
* * * LOW HITPOINT WARNING * * *
You block the deep troll's attack. x2
Press: ? - help, v - describe, . - travel
Here: a silent spectre (silenced, radiating silence, fire blocked by a runed translucent door)
A transporter.
Unknown command.
You blink.
The two-headed ogre barely misses you. You furiously retaliate!
You headbutt the two-headed ogre! You block the two-headed ogre's attack.
You feel much better. You block the deep troll's attack.
The deep troll claws you!
* * * LOW HITPOINT WARNING * * *
The deep troll claws you!!
You die...
Your body crumbles into a pile of gold.

#
##.....#########..#'###
# #y#.....#y# #..#.# #
###..©..##### #..#.# #
# #######○#y# #..#.# #
############## #..#.# #
.T...........### #..#.#
# #T#....O..T..O..#g#
#..#.# #
O#..⌠..$([.TT..#T#
##.#.## # #
#....$[:!$.O@.#g#
#..#.<# # #e
...$$)_[$$T..#e#
#..#..# #
y#..####+####..#y#
#..#..# #
###..#y##W##y#..###
#..#..# #
#§#..#########..#☼#
#..#..# #
#..$.#.!.#....###
##....# #
##...'...'...## #.##.#
# ##..'.©.'..## #.##.#
# ########### #.##.###


You could see an iron troll, 3 two-headed ogres, 2 deep trolls, 3 moths of
wrath, a deep troll earth mage, a silent spectre (silencing), a deep elf
pyromancer, a troll (berserk) and 2 boggarts.

Vanquished Creatures
  Rupert (D:12)
  The ghost of Sidghehi the Acolyte, a journeyman HuFi of the Shining One (Lair:5)
  The ghost of rwqrw the Grappler, a journeyman TrFi of Jiyva (D:10)
  An ice dragon (D:12)
  2 catoblepae
  2 boulder beetles
  12 hydras
  7 centaur warriors
  A merfolk avatar (Lair:6)
  6 two-headed ogres
  A death knight (D:11)
  2 tengu warriors
  14 death yaks
  A deep elf knight (D:12)
  A fire crab (D:9)
  2 skeletal warriors
  A glowing orange brain (D:9)
  A deep troll (D:13)
  A sea snake (Lair:6)
  A lindwurm (Lair:5)
  A harpy (Lair:6)
  An orc knight (D:13)
  6 manticores
  A deep elf pyromancer (D:12)
  A wolf spider (Lair:2)
  5 ugly things
  An oklob plant (D:7)
  6 cyclopes
  4 black mambas
  16 elephants
  3 torpor snails
  A gargoyle (D:13)
  12 cane toads
  10 komodo dragons
  3 efreet
  4 rime drakes
  2 kobold demonologists
  A tengu conjurer (D:8)
  4 trolls
  2 jumping spiders (Lair:2)
  A polar bear (Lair:6)
  2 hornets
  A snapping turtle (Lair:6)
  A tyrant leech (Lair:3)
  17 blink frogs
  A slime creature (D:8)
  5 dream sheep (Lair:3)
  A meliai zombie (D:11)
  A redback (Lair:2)
  3 vampires
  5 wraiths
  4 wyverns
  A basilisk (Lair:1)
  2 steam dragons
  36 yaks
  4 vampire mosquitoes (D:13)
  2 swamp worms (Lair:3)
  An acid dragon (D:8)
  17 water moccasins
  5 orc warriors
  5 black bears
  An ice beast (D:7)
  6 necrophages
  3 sky beasts
  2 ogres
  16 wolves (Lair:3)
  3 centaurs
  4 kobold brigands
  18 bullfrogs
  2 gnoll sergeants (D:8)
  A wight (D:11)
  6 killer bees (D:9)
  An electric eel (D:13)
  3 howler monkeys
  4 centaur zombies
  A bullfrog zombie (D:6)
  2 hounds
  12 jellies
  7 orc priests
  2 bullfrog skeletons
  4 iguanas
  Terence (D:1)
  A gnoll shaman (D:5)
  6 orc wizards
  2 hell rats (D:9)
  A howler monkey zombie (D:11)
  15 gnolls
  6 adders
  2 river rats (D:9)
  3 shadow imps
  2 worms
  2 dart slugs
  22 orcs
  8 ball pythons
  5 bats
  24 endoplasms
  A giant cockroach (D:2)
  5 goblins
  5 hobgoblins
  4 jackals (D:1)
  3 quokkas
  4 frilled lizards
  14 kobolds
  7 rats
  A spectral hobgoblin (D:1)
500 creatures vanquished.

Vanquished Creatures (others)
  An elephant (Lair:5)
  2 bushes (Lair:6)
  51 fungi
  48 plants
  3 withered plants (D:11)
105 creatures vanquished.

Grand Total: 605 creatures vanquished

Notes
Turn   | Place    | Note
-------+----------+-------------------------------------------
     0 | D:1      | siradein the Minotaur Fighter began the quest for the Orb.
     0 | D:1      | Reached XP level 1. HP: 19/19 MP: 0/0
    78 | D:1      | Reached XP level 2. HP: 27/27 MP: 1/1
   246 | D:1      | Found Duraics's Magic Scroll Emporium.
   309 | D:1      | Found a faded altar of an unknown god.
   468 | D:1      | Reached XP level 3. HP: 33/33 MP: 2/2
   912 | D:2      | Noticed Terence
  1116 | D:1      | Killed Terence
  1412 | D:2      | Reached XP level 4. HP: 41/41 MP: 3/3
  2194 | D:3      | Found a hazy altar of Hepliaklqana.
  2742 | D:3      | Found a stormy altar of Qazlal.
  2883 | D:3      | Reached XP level 5. HP: 47/47 MP: 4/4
  3171 | D:4      | Found a staircase to the Ecumenical Temple.
  3181 | Temple   | Entered the Ecumenical Temple
  3386 | Temple   | Became a worshipper of Gozag Ym Sagoz the Greedy
  3541 | D:4      | Reached skill level 5 in Fighting
  3541 | D:4      | Reached skill level 5 in Shields
  3784 | D:4      | Found a faded altar of an unknown god.
  3784 | D:4      | Found a hide-covered altar of Uskayaw.
  3793 | D:4      | Found a radiant altar of Vehumet.
  3801 | D:4      | Found an ornate altar of the Wu Jian Council.
  3851 | D:4      | Found a white marble altar of Elyvilon.
  3977 | D:5      | Entered Level 5 of the Dungeon
  4039 | D:4      | Reached skill level 5 in Armour
  4048 | D:4      | Reached XP level 6. HP: 34/56 MP: 5/5
  4594 | D:5      | Found a sparkling altar of Nemelex Xobeh.
  4637 | D:5      | Reached skill level 5 in Long Blades
  4637 | D:5      | Reached XP level 7. HP: 47/62 MP: 6/6
  5074 | D:5      | Found the +8 demon trident "Rift" {distort, reach+}
  5898 | D:6      | Reached XP level 8. HP: 71/71 MP: 7/7
  6966 | D:7      | Found a burning altar of Makhleb.
  7086 | D:7      | Noticed a hornet
  7094 | D:7      | Killed a hornet
  7095 | D:7      | Reached XP level 9. HP: 73/81 MP: 8/8
  7459 | D:7      | Noticed an oklob plant
  7550 | D:7      | HP: 2/81 [acid (7)]
  8651 | D:8      | Noticed a manticore
  8655 | D:8      | Noticed a troll
  8664 | D:8      | Killed a manticore
  8671 | D:8      | Killed a troll
  8888 | D:8      | Identified the ring "Urhyuw" {Fire Fly Slay+2}
  8905 | D:8      | Reached XP level 10. HP: 34/91 MP: 9/9
  9257 | D:8      | Identified the amulet "Fips" {Reflect +Blink rC+ Dex-2
                  | SH+5}
  9257 | D:8      | Noticed a centaur warrior
  9284 | D:8      | Killed a centaur warrior
  9355 | D:8      | Noticed a boulder beetle
  9549 | D:9      | Reached skill level 10 in Shields
  9639 | D:9      | Noticed a boulder beetle
  9644 | D:9      | Noticed a tengu warrior
  9666 | D:9      | Reached skill level 10 in Fighting
  9666 | D:9      | Reached skill level 10 in Armour
  9674 | D:9      | Killed a tengu warrior
  9777 | D:10     | Entered Level 10 of the Dungeon
  9807 | D:10     | Reached skill level 10 in Long Blades
  9967 | D:10     | Found a basalt altar of Yredelemnul.
 10211 | D:10     | Identified the +4 hand axe of Lust {flame, +Blink rN++
                  | Str-3 Dex-2}
 10612 | D:10     | Gained mutation: You are strong-willed. (Will+) [a neqoxec]
 10723 | D:10     | Reached XP level 11. HP: 72/101 MP: 10/10
 11056 | D:10     | Found a staircase to the Orcish Mines.
 11067 | D:10     | Found a runed translucent door.
 11067 | D:10     | Noticed rwqrw's ghost (journeyman TrFi)
 11093 | D:10     | Identified the +8 trident of Ashenzari's Generosity
                  | {freeze, rC+ MP-9 Int+2 Dex+4}
 11176 | D:9      | Noticed a death yak
 11237 | D:10     | Killed a death yak
 11406 | D:8      | Noticed a purple ugly thing
 11417 | D:8      | Killed a purple ugly thing
 11788 | D:8      | Killed a boulder beetle
 11885 | D:8      | Noticed a centaur warrior
 11885 | D:8      | Noticed a centaur warrior
 11891 | D:8      | Killed a centaur warrior
 11899 | D:8      | Killed a centaur warrior
 12112 | D:9      | Noticed a death yak
 12119 | D:9      | Noticed a death yak
 12138 | D:9      | Killed a death yak
 12146 | D:9      | Killed a death yak
 12155 | D:9      | Found a staircase to the Lair.
 12485 | D:9      | Noticed a centaur warrior
 12488 | D:9      | Noticed a cyan ugly thing
 12489 | D:9      | Killed a centaur warrior
 12503 | D:9      | Killed a cyan ugly thing
 12516 | D:9      | Noticed a centaur warrior
 12529 | D:9      | Killed a centaur warrior
 12666 | D:9      | Noticed a skeletal warrior
 12667 | D:9      | Noticed a two-headed ogre
 12680 | D:9      | Killed a skeletal warrior
 12683 | D:9      | Killed a two-headed ogre
 12684 | D:9      | Reached XP level 12. HP: 89/112 MP: 11/11
 12784 | D:9      | Noticed a seven-headed hydra
 12801 | D:9      | Killed a two-headed hydra
 12955 | D:9      | Noticed a centaur warrior
 12964 | D:9      | Killed a centaur warrior
 13695 | D:9      | Found a glowing golden altar of the Shining One.
 13889 | D:11     | Noticed a two-headed ogre
 13900 | D:11     | Killed a two-headed ogre
 14317 | D:11     | Noticed a death knight
 14361 | D:11     | Killed a death knight
 14844 | D:11     | Found a shimmering blue altar of Sif Muna.
 14983 | D:11     | Noticed a two-headed ogre
 14990 | D:11     | Killed a two-headed ogre
 15106 | D:11     | Found a portal to a secret trove of treasure.
 15348 | Lair:1   | Entered Level 1 of the Lair of Beasts
 15736 | Lair:1   | Noticed a seven-headed hydra
 15746 | Lair:1   | Killed a three-headed hydra
 15809 | Lair:1   | Reached XP level 13. HP: 102/122 MP: 12/12
 17430 | Lair:2   | Lost mutation: You are strong-willed. (Will+) [potion of
                  | mutation]
 17430 | Lair:2   | Gained mutation: You sometimes lose the ability to read
                  | scrolls when taking damage. [potion of mutation]
 17430 | Lair:2   | Gained mutation: You are covered in fur. (AC +1) [potion of
                  | mutation]
 17430 | Lair:2   | Gained mutation: You are agile. (Dex +2) [potion of
                  | mutation]
 17431 | Lair:2   | Lost mutation: You sometimes lose the ability to read
                  | scrolls when taking damage. [potion of mutation]
 17431 | Lair:2   | Lost mutation: You are covered in fur. (AC +1) [potion of
                  | mutation]
 17431 | Lair:2   | Gained mutation: Your flesh is heat resistant. (rF+)
                  | [potion of mutation]
 17431 | Lair:2   | Gained mutation: You expend magic power (3 MP) to
                  | strengthen your wands. [potion of mutation]
 17988 | Lair:2   | Found a hole to the Spider Nest.
 19164 | D:1      | Bought a scroll of enchant weapon for 90 gold pieces
 19164 | D:1      | Bought a scroll of teleportation for 36 gold pieces
 19164 | D:1      | Bought a scroll of immolation for 42 gold pieces
 19164 | D:1      | Bought a scroll of identify for 24 gold pieces
 19164 | D:1      | Bought a scroll of identify for 24 gold pieces
 19164 | D:1      | Bought a scroll of noise for 12 gold pieces
 19164 | D:1      | Bought a scroll of identify for 24 gold pieces
 19164 | D:1      | Bought a scroll of enchant armour for 90 gold pieces
 19848 | D:10     | Killed rwqrw's ghost
 19959 | D:10     | Got Qaoshuam's Grimoire of the Oath and Toxins
 20985 | Lair:3   | Found a staircase to the Swamp.
 21613 | Lair:4   | Reached XP level 14. HP: 55/133 MP: 13/13
 22247 | Lair:4   | Reached skill level 15 in Shields
 22602 | Lair:5   | Reached skill level 15 in Fighting
 22636 | Lair:5   | You are sucked into a shaft and drop 1 floor!
 22636 | Lair:6   | Entered Level 6 of the Lair of Beasts
 22661 | Lair:6   | Reached skill level 15 in Armour
 22727 | Lair:6   | Found a shimmering altar of Xom.
 23477 | Lair:5   | Found a runed translucent door.
 23477 | Lair:5   | Noticed Sidghehi's ghost (journeyman HuFi)
 23486 | Lair:5   | Found a staircase to the Slime Pits.
 24142 | Lair:5   | Killed Sidghehi's ghost
 24158 | Lair:5   | Identified the ring "Estromuun" {Fly Int+2 Slay+5}
 25228 | Lair:6   | Reached XP level 15. HP: 144/144 MP: 14/14
 25255 | Lair:6   | Identified the +8 trident "Giantslayer" {vorpal, *Rage
                  | *Noise rF- Int+8}
 25965 | D:12     | Found a radiant altar of Vehumet.
 25989 | D:12     | Reached skill level 1 in Evocations
 26048 | D:12     | Noticed Rupert
 26074 | D:12     | Killed Rupert
 26470 | D:12     | Found a runed translucent door.
 26720 | D:12     | Noticed a shadow dragon
 27099 | D:12     | Found a runed translucent door.
 28110 | D:13     | Found a transporter.
 28465 | D:13     | Found a transporter.
 28470 | D:13     | Found a runed translucent door.
 28470 | D:13     | Found a bloodstained altar of Trog.
 28470 | D:13     | Found the +8 Wrath of Trog {antimagic, *Rage Rampage}
 28502 | D:13     | HP: 7/145 [deep troll (22)]
 28504 | D:13     | Slain by a deep troll

Illustrated notes

Levels and vault maps discovered:
D:1:      dpeg_arrival_arbitrary_b, layout_loops_corners, serial_shops, shop,
          dreamdust_ecumenical_altar_drowned_temple
D:2:      layout_basic, lemuel_another_geyser, uniq_terence
D:3:      layout_basic, mainiacjoe_overflow_cross_hatched,
          nicolae_hepliaklqana_hazy_memory, grunt_decor_arrowhead,
          kennysheep_generic_room_4
D:4:      layout_basic, chequers_temple_overflow_minitemple,
          minmay_temple_entry_grid
D:5:      layout_loops_corners, nemelex_dance_club_becter
D:6:      layout_gridville, eino_tiny_chamber, nicolae_water_bricks
D:7:      lemuel_slime, layout_rooms, mainiacjoe_overflow_small_starburst,
          minmay_misc_feat_plants, nrook_mini_backslash,
          minmay_fractal_squares_diagonal_5
D:8:      minmay_the_grid_octo_triangle [minmay_the_grid_octo_concentric,
          minmay_the_grid_octo_prize_single_spiral,
          minmay_the_grid_octo_clover], layout_basic
D:9:      layout_roguey, lemuel_doored_altar, dpeg_lair_monsters,
          minivault_25_ag, minivault_28
D:10:     layout_loops_corners, kennysheep_mini, orc_0_dummy,
          gammafunk_ghost_grave, minmay_misc_feat_columns
D:11:     layout_loops_ring, nicolae_trove_entry_crossroad, serial_undead,
          serial_undead_a, serial_undead_a, serial_undead_b, serial_undead_e,
          nicolae_sif_muna_condensation
D:12:     minmay_expanding_circles, layout_long_grid, vehumet_crystals,
          uniq_rupert
D:13:     emtedronai_trogs_sanctum, layout_basic, minivault_5,
          serial_bayou_pond_b
Temple:   minmay_temple_bridge_abc
Lair:1:   layout_roguey, minivault_27, grunt_megastairs_2
Lair:2:   layout_roguey, spider_nest_entry_funnel_web
Lair:3:   layout_regular_city, palyth_hydra_swamp_entry,
          infiniplex_staircase_pool_2
Lair:4:   layout_roguey
Lair:5:   layout_cave_shapes, nicolae_slime_entry_slimehenge,
          ebering_ghost_inner_flame, serial_bayou_shore_b
Lair:6:   gammafunk_lair_ancient_temple, layout_cellular_growth, basic_altar

Skill      XL: |  1  2  3  4  5  6  7  8  9 10 11 12 13 14 15 |
---------------+----------------------------------------------+-----
Fighting       | 4 5 6 8 9 10 12 13 14 16 | 16.7
Long Blades    | 3 4 5 6 7 9 10 11 13 14 | 14.0
Armour         | 4 5 6 8 9 10 12 13 14 16 | 16.7
Shields        | 4 5 6 8 9 10 12 13 14 16 | 16.7
Evocations     | 3 |  3.1

Action                   |  1- 3 |  4- 6 |  7- 9 | 10-12 | 13-15 || total
-------------------------+-------+-------+-------+-------+-------++-------
Melee: Long sword        |    52 |   127 |    45 |       |       ||   224
       Headbutt          |    12 |    30 |   100 |   122 |   405 ||   669
       Falchion          |       |       |   288 |   164 |  1348 ||  1800
       Scimitar          |       |       |       |   381 |   108 ||   489
Throw: Dart              |       |       |     3 |       |     5 ||     8
Invok: Potion Petition   |       |       |     1 |     4 |     1 ||     6
       Call Merchant     |       |       |       |       |     1 ||     1
 Abil: Evoke Blink       |       |       |       |       |     2 ||     2
  Use: Scroll            |       |       |     8 |       |    15 ||    23
       Potion            |       |       |       |     1 |     3 ||     4
 Stab: Distracted        |       |     1 |     1 |     1 |    12 ||    15
Armor: Scale mail        |    26 |    18 |       |       |       ||    44
       Chain mail        |       |     9 |       |       |   428 ||   437
       Plate armour      |       |    25 |   229 |   233 |       ||   487
       Skin              |       |       |       |       |     1 ||     1
Dodge: Dodged            |    34 |    54 |    94 |    93 |   358 ||   633
Block: Buckler           |     8 |    33 |    84 |   261 |   637 ||  1023
       Reflection        |       |       |       |     7 |    10 ||    17

Table legend: (Time is in decaauts)
 A = Elapsed time spent in this place.
 B = Non-inter-level travel time spent in this place.
 C = Inter-level travel time spent in this place.
 D = Time resting spent in this place.
 E = Time spent auto-exploring this place.
 F = Levels seen in this place.
 G = Mean time per level.
                   A        B        C        D        E       F      G
               +--------+--------+--------+--------+--------+-----+--------+
         Total |  27900 |  25973 |   1927 |   2253 |  18748 |  20 | 1395.0 |
       Dungeon |  18871 |  17671 |   1200 |   1643 |  12692 |  13 | 1451.6 |
        Temple |    226 |    226 |      0 |      0 |    192 |   1 |  226.0 |
          Lair |   8801 |   8075 |    726 |    609 |   5863 |   6 | 1466.8 |
               +--------+--------+--------+--------+--------+-----+--------+

Top non-repeatable levels by time:
     D:9: 2343 daAuts
     D:8: 1886 daAuts
  Lair:6: 1861 daAuts
    D:10: 1843 daAuts
  Lair:3: 1668 daAuts
     D:6: 1561 daAuts
     D:7: 1529 daAuts
  Lair:2: 1518 daAuts
     D:5: 1458 daAuts
    D:11: 1457 daAuts
  Lair:1: 1424 daAuts
     D:1: 1349 daAuts
  Lair:4: 1341 daAuts
    D:13: 1318 daAuts
    D:12: 1298 daAuts
